 Dungeon Crawl Stone Soup version 0.20.1-1-g8b1a95d (webtiles) character file.

5577 polve the Martial Artist (level 10, -5/91 HPs)
             Began as a Yellow Draconian Transmuter on Aug 7, 2017.
             Was a Believer of Okawaru.
             Slain by a komodo dragon (33 damage)
             ... on level 1 of the Lair of Beasts.
             The game lasted 00:13:57 (10688 turns).

polve the Martial Artist (DrTm)                    Turns: 10688, Time: 00:13:59

Health: -5/91      AC: 11    Str: 14    XL:     10   Next: 44%
Magic:  13/13      EV: 16    Int: 16    God:    Okawaru [**....]
Gold:   403        SH:  0    Dex: 13    Spells: 2/13 levels left

rFire    + . .     SeeInvis .     - Unarmed
rCold    . . .     Gourm    .   (no shield)
rNeg     . . .     Faith    .   (armour unavailable)
rPois    .         Spirit   .   (helmet restricted)
rElec    .         Reflect  .   (no cloak)
rCorr    +         Harm     .   (no gloves)
MR       .....                  E - +0 pair of boots of the Comet {rF+ Str+2}
Stlth    ++........             (no amulet)
Regen    0.3/turn               m - ring of stealth
MPRegen  0.2/turn               G - +3 ring of protection

@: short of breath
A: spit acid, acid resistance, unfitting armour, claws 1, horns 1, stinger 1,
talons 1, sense surroundings 1, cold-blooded, AC +7
a: Breathe Acid, Heroism, Renounce Religion


You were on level 1 of the Lair of Beasts.
You worshipped Okawaru.
Okawaru was pleased with you.
You were hungry.

You visited 3 branches of the dungeon, and saw 10 of its levels.

You collected 626 gold pieces.
You spent 223 gold pieces at shops.

Inventory:

Missiles
 a - 205 arrows
Armour
 E - the +0 pair of boots of the Comet (worn) {rF+ Str+2}
   (You bought it in a shop on level 4 of the Dungeon)

   It affects your strength (+2).
   It protects you from fire.
Jewellery
 m - a ring of stealth (left claw)
 G - a +3 ring of protection (right claw)
 J - an uncursed ring of magical power
Wands
 d - a wand of paralysis (10/24)
 g - a wand of acid (7/15)
 r - a wand of scattershot (3/9)
 t - a wand of paralysis (12/24)
 u - a wand of acid (5/15)
 x - a wand of disintegration (11/24)
 N - a wand of lightning (8/15)
Scrolls
 e - a scroll of fog {unknown}
 f - 3 scrolls of recharging
 h - a scroll of blinking {unknown}
 i - 3 scrolls of identify
 j - 4 scrolls of immolation
 l - 2 scrolls of remove curse
 o - a scroll of enchant weapon {unknown}
 p - 2 scrolls of teleportation {unknown}
 w - a scroll of random uselessness {unknown}
 y - a scroll of enchant armour {unknown}
 B - a scroll of acquirement {unknown}
 I - a scroll of magic mapping {unknown}
 K - a scroll of silence {unknown}
Potions
 n - a potion of magic {unknown}
 q - a potion of invisibility {unknown}
 s - a potion of agility {unknown}
 v - a potion of lignification {unknown}
 z - a potion of degeneration {unknown}
 A - 2 potions of curing {unknown}
 C - a potion of ambrosia {unknown}
 H - a potion of heal wounds {unknown}
Books
 b - a book of Changes

   Spells                             Type                      Level
   a - Beastly Appendage              Transmutation                1
   b - Sticks to Snakes               Transmutation                2
   c - Spider Form                    Transmutation/Poison         3
   d - Ice Form                       Ice/Transmutation            4
   e - Blade Hands                    Transmutation                5
 D - a book of Misfortune

   Spells                             Type                      Level
   a - Confusing Touch                Hexes                        1
   b - Confuse                        Hexes                        3
   c - Gell's Gravitas                Translocation                3
   d - Petrify                        Transmutation/Earth          4
   e - Metabolic Englaciation         Hexes/Ice                    5
   f - Yara's Violent Unravelling     Hexes/Transmutation          5
Comestibles
 c - 7 bread rations
 k - 4 royal jellies
 F - 4 fruits
 L - 2 chunks of flesh
 M - a meat ration


   Skills:
 - Level 9.3 Fighting
 + Level 7.4 Dodging
 - Level 10.0 Unarmed Combat
 - Level 2.0 Spellcasting
 - Level 4.6 Transmutations
 - Level 2.2 Poison Magic


You had 2 spell levels left.
You knew the following spells:

 Your Spells              Type           Power        Failure   Level  Hunger
a - Beastly Appendage     Tmut           ###...       3%          1    #......
b - Sticks to Snakes      Tmut           ###.....     4%          2    ###....
c - Spider Form           Tmut/Pois      ##........   16%         3    ###....
d - Blade Hands           Tmut           ###.......   65%         5    ######.


Dungeon Overview and Level Annotations

Branches:
Dungeon (8/15)             Temple (1/1) D:6            Lair (1/6) D:8

Altars:
Ashenzari
Cheibriados
Dithmenos
Elyvilon
Fedhas
Gozag
Hepliaklqana
Kikubaaqudgha
Makhleb
Nemelex Xobeh
Okawaru
Qazlal
Ru
Sif Muna
Trog
Uskayaw
Vehumet
Xom
Yredelemnul
Zin
The Shining One

Shops:
D:4 [   D:6 (***


Innate Abilities, Weirdness & Mutations

You can spit globs of acid.
You are resistant to acid.
Your golden yellow scales are hard. (AC +7)
You cannot fit into any form of body armour.
You are cold-blooded and may be slowed by cold attacks.
You have sharp fingernails.
You have a pair of small horns on your head.
Your tail ends in a poisonous barb.
You have sharp toenails.
You passively map a small area around you.


Message History

You are too injured to fight recklessly!
You are too injured to fight recklessly!
You are too injured to fight recklessly!
You are too injured to fight recklessly!
You are too injured to fight recklessly!
Press: ? - help, Shift-Dir - straight line, f - komodo dragon
Aim: a komodo dragon (heavily wounded)
You spit a glob of acid.
The glob of acid misses the komodo dragon.
You are feeling hungry.
The komodo dragon bites you!!
* * * LOW HITPOINT WARNING * * *
You scratch the komodo dragon but do no damage.
The komodo dragon is heavily wounded.
The komodo dragon bites you!
* * * LOW HITPOINT WARNING * * *
You scratch the komodo dragon but do no damage.
The komodo dragon is heavily wounded.
The komodo dragon bites you!!
You die...

, , , , ,
..# , *
..### ,
*##..(####
* **
#..(....##
, * ,
#.........
,
#.........
* *
#.l.......
#@.......
#......##
,, , ,
#<#..#...
, * #...##
. ##..# ,
.## , ,##
*


You could see a komodo dragon.

Vanquished Creatures
  A two-headed ogre (D:6)
  The ghost of equalderp2856 the Chopper, a novice MiFi (D:6)
  A troll (D:8)
  A hippogriff (D:7)
  Sigmund (D:5)
  A hungry ghost (D:7)
  2 orc warriors
  4 ice beasts
  A sky beast (D:4)
  2 phantoms
  2 ogres
  2 wolves (D:8)
  4 centaurs
  7 big kobolds
  4 bullfrogs
  3 scorpions
  3 wights (D:6)
  2 howler monkeys
  3 electric eels (D:8)
  2 centaur zombies
  5 crimson imps
  8 hounds
  6 orc wizards
  A centaur skeleton (D:4)
  3 iguanas
  6 worker ants
  A killer bee zombie (D:5)
  A hound zombie (D:7)
  A worker ant zombie (D:6)
  9 gnolls
  10 adders
  A shadow imp (D:8)
  An ooze (D:1)
  4 worms
  A dart slug (D:3)
  10 leopard geckos
  8 orcs
  2 ball pythons
  7 bats
  8 giant cockroaches
  9 goblins
  9 hobgoblins
  7 jackals
  68 kobolds
  A quokka (D:8)
  2 frilled lizards (D:2)
  A leopard gecko skeleton (D:4)
  12 rats
  A spectral orc (D:6)
250 creatures vanquished.

Notes
Turn   | Place    | Note
-------+----------+-------------------------------------------
     0 | D:1      | polve the Draconian Transmuter began the quest for the Orb.
     0 | D:1      | Reached XP level 1. HP: 16/16 MP: 3/3
   112 | D:1      | Reached XP level 2. HP: 20/23 MP: 5/5
   662 | D:1      | Reached XP level 3. HP: 28/28 MP: 4/6
   669 | D:1      | Learned a level 2 spell: Sticks to Snakes
   673 | D:1      | Learned a level 3 spell: Spider Form
   850 | D:1      | Reached skill level 1 in Poison Magic
  1410 | D:2      | Found a faded altar of an unknown god.
  1428 | D:2      | Reached XP level 4. HP: 35/35 MP: 7/7
  1815 | D:3      | Found a hazy altar of Hepliaklqana.
  1899 | D:3      | Found an ancient bone altar of Kikubaaqudgha.
  1901 | D:3      | Found a sacrificial altar of Ru.
  2451 | D:3      | HP: 1/35 [gnoll/spear (6)]
  2453 | D:3      | Reached XP level 5. HP: 1/40 MP: 4/8
  3008 | D:3      | Found a bloodstained altar of Trog.
  3158 | D:4      | Got a pitted spear
  3159 | D:4      | Identified the +10 spear "Sarcophage" {pierce, +Inv} (You found it on level 4 of the Dungeon)
  3258 | D:4      | Noticed a sky beast
  3268 | D:4      | Killed a sky beast
  3268 | D:4      | Reached skill level 4 in Unarmed Combat
  3268 | D:4      | Reached XP level 6. HP: 51/51 MP: 9/9
  3274 | D:4      | Gained mutation: You have a pair of small horns on your head. [mutagenic meat]
  3275 | D:4      | Gained mutation: You have sharp toenails. [mutagenic meat]
  3276 | D:4      | Gained mutation: You passively map a small area around you. [mutagenic meat]
  3278 | D:4      | Gained mutation: You have sharp fingernails. [mutagenic meat]
  3279 | D:4      | Gained mutation: Your tail ends in a poisonous barb. [mutagenic meat]
  3463 | D:4      | Found Feimalus's Armour Shop.
  3860 | D:5      | Entered Level 5 of the Dungeon
  3913 | D:5      | Reached skill level 5 in Unarmed Combat
  3913 | D:5      | Your scales start taking on a golden yellow colour.
  3913 | D:5      | Reached XP level 7. HP: 49/60 MP: 10/10
  4152 | D:5      | Noticed Sigmund
  4170 | D:5      | Reached skill level 5 in Fighting
  4447 | D:5      | Killed Sigmund
  4447 | D:5      | Reached skill level 6 in Unarmed Combat
  4574 | D:5      | Got a pair of warped gloves
  4679 | D:5      | Reached XP level 8. HP: 62/70 MP: 11/11
  5060 | D:5      | Reached skill level 7 in Unarmed Combat
  5847 | D:5      | Reached skill level 8 in Unarmed Combat
  6202 | D:6      | Noticed a two-headed ogre
  6212 | D:6      | Killed a two-headed ogre
  6212 | D:6      | Reached skill level 9 in Unarmed Combat
  6212 | D:6      | Reached XP level 9. HP: 40/82 MP: 12/12
  6222 | D:6      | Learned a level 5 spell: Blade Hands
  6427 | D:6      | Noticed equalderp2856's ghost (novice MiFi)
  6456 | D:6      | Killed equalderp2856's ghost
  6666 | D:6      | Found a staircase to the Ecumenical Temple.
  6673 | D:6      | Reached skill level 10 in Unarmed Combat
  6711 | Temple   | Entered the Ecumenical Temple
  6885 | Temple   | Became a worshipper of Warmaster Okawaru
  6966 | D:6      | Found a glowing golden altar of the Shining One.
  6967 | D:6      | Found Riug's General Store.
  7299 | D:6      | Found Hukhilaz's Assorted Antiques.
  7531 | D:6      | Bought a scroll labeled FOAHES KUZA for 26 gold pieces
  7541 | D:6      | Found Imash's General Store.
  7571 | D:6      | Found a basalt altar of Yredelemnul.
  7911 | D:6      | Reached * piety under Okawaru
  8157 | D:6      | Found Cerijoing's Antique Weapon Shop.
  8289 | D:4      | Bought the cursed +0 pair of boots of the Comet {rF+ Str+2} for 197 gold pieces
  8299 | D:4      | Identified the cursed +0 pair of gloves of Loss {-Cast rCorr Str+2 Int+7} (You found it on level 5 of the Dungeon)
  8539 | D:7      | Reached XP level 10. HP: 90/91 MP: 13/13
  8654 | D:7      | Reached skill level 5 in Dodging
  9431 | D:8      | Found a staircase to the Lair.
  9467 | D:8      | Reached ** piety under Okawaru
  9934 | D:8      | Found a shadowy altar of Dithmenos.
 10060 | D:8      | Found a snail-covered altar of Cheibriados.
 10311 | D:8      | Found a shattered altar of Ashenzari.
 10568 | D:8      | Found a white marble altar of Elyvilon.
 10681 | Lair:1   | Entered Level 1 of the Lair of Beasts
 10688 | Lair:1   | Slain by a komodo dragon

Skill      XL: |  1  2  3  4  5  6  7  8  9 10 |
---------------+-------------------------------+-----
Transmutations | 3 4 |  4.6
Poison Magic   | 2 |  2.2
Fighting       | 3 4 5 8 9 |  9.3
Unarmed Combat | 4 5 6 9 10 | 10.0
Dodging        | 4 7 |  7.4
Spellcasting   | |  2.0

Action                   |  1- 3 |  4- 6 |  7- 9 | 10-12 || total
-------------------------+-------+-------+-------+-------++-------
Melee: Unarmed           |    59 |     6 |   293 |   152 ||   510
       Tailslap          |    16 |    14 |    35 |    17 ||    82
       Kick              |     3 |     2 |    60 |       ||    65
       Headbutt          |     3 |     3 |    49 |    21 ||    76
       Punch             |     1 |     2 |     5 |     1 ||     9
       Dagger            |    66 |   118 |       |       ||   184
       Spear             |       |    44 |    25 |       ||    69
 Cast: Beastly Appendage |     6 |     1 |       |       ||     7
       Spider Form       |       |     1 |     1 |       ||     2
 Abil: Breathe Acid      |       |       |     5 |     2 ||     7
  Use: Scroll            |       |       |     4 |       ||     4
       Potion            |       |       |     1 |       ||     1
 Stab: Sleeping          |     1 |     5 |     3 |     2 ||    11
  Eat: Chunk             |     2 |    14 |    13 |     6 ||    35
       Meat ration       |       |       |     1 |       ||     1
Armor: Skin              |    35 |    41 |    82 |    27 ||   185
Dodge: Dodged            |    89 |   129 |   171 |    81 ||   470
